 Dungeon Crawl Stone Soup version 0.32-a0-918-g0f22ef8d61 (webtiles) character file.

Game seed: 4681929499595871799

1437 ezpacito the Trooper (level 8, -5/60 (62) HPs)
             Began as a Coglin Chaos Knight on Apr 12, 2024.
             Was a Plaything of Xom.
             Slain by a hell rat (13 damage)
             ... in a sewer.
             The game lasted 00:05:46 (3490 turns).

ezpacito the Trooper (Coglin Chaos Knight)          Turns: 3490, Time: 00:05:46

HP:   -5/60 (62)    AC:  5    Str: 17    XL:     8   Next: 74%
MP:   11/11         EV: 11    Int: 14    God:    Xom [.*....]
Gold: 265           SH:  0    Dex: 13    Spells: 11/11 levels left

rFire   . . .        a - +0 hand axe (chaos) {Haoran}
rCold   . . .        f - +0 trident {Namzu}
rNeg    . . .        b - +2 leather armour
rPois   .            (helmet restricted)
rElec   .            (no cloak)
rCorr   .            (no gloves)
SInv    .            (no boots)
Will    .....        (amulet unavailable)
Stlth   ++           (ring unavailable)
HPRegen 0.30/turn    (ring unavailable)
MPRegen 0.12/turn    (no gizmo)

%: no passive effects
@: mighty, lightly drained, revved
A: off-hand wielding, slow wielding, warmup strikes, no jewellery, horns 1,
clever 1, strong 1
a: Invent Gizmo, Renounce Religion


You were in a sewer.
You worshipped Xom.
You were a plaything of Xom.
You visited 1 branch of the dungeon, and saw 5 of its levels.
You also visited: Sewer.

You collected 265 gold pieces.

Inventory:

Hand Weapons
 a - a +0 hand axe of chaos (weapon) {Haoran}
 f - a +0 trident (offhand) {Namzu}
Missiles
 g - 2 poisoned darts (quivered)
Armour
 b - a +2 leather armour (worn)
Wands
 h - a wand of flame (18)
 D - a wand of digging (3)
Potions
 c - a potion of lignification
 e - a potion of brilliance
 j - a potion of degeneration {unknown}
 k - a potion of attraction
 l - 2 potions of cancellation


   Skills:
 * Level 5.0 Fighting
 * Level 4.9(5.5) Axes
 * Level 3.4(4.5) Polearms
 + Level 2.1 Throwing
 * Level 3.9 Armour
 * Level 3.6 Dodging
 + Level 2.4 Stealth
 + Level 2.1 Spellcasting
 + Level 2.1 Evocations


You had 11 spell levels left.
You didn't know any spells.
Your spell library contained the following spells:

 Spells                   Type           Power      Damage    Failure   Level
 Kiss of Death            Conj/Necr      4%         2d5       28%         1
 Confusing Touch          Hex            1%         N/A       63%         3
 Dispel Undead            Necr           1%         3d6       95%         4


Dungeon Overview and Level Annotations

Branches:
Dungeon (5/15)              Sewer (1/1)
 Temple: D:4-7

Altars:
Ashenzari
Elyvilon
Gozag
Nemelex Xobeh
Ru
Vehumet


Innate Abilities, Weirdness & Mutations

You can wield a second weapon in your off-hand.
It takes a long time for you to wield or remove held weapons.
Your first few attacks do less damage.
You cannot equip rings or amulets.
You have a pair of small horns on your head.
Your mind is acute. (Int +4, Str/Dex -1)
Your muscles are strong. (Str +4, Int/Dex -1)


Message History

A hell rat comes into view.
The hell rat roars deafeningly!
Found 2 potions of curing, a scroll of fog and a fizzy pink potion.
Found a gate leading back out of this place.
There is an open door here.
You hit the hell rat with your +0 trident.
The hell rat is moderately wounded.
You hit the hell rat but do no damage.
The hell rat is caught in a web!
You hit the hell rat but do no damage.
The hell rat seems to grow stronger.
The hell rat is moderately wounded.
You hit the hell rat with your +0 trident.
The hell rat bites you!
You feel drained.
A rat comes into view.
The rat squeaks loudly.
You barely miss the hell rat with your +0 trident.
You headbutt the hell rat, but do no damage.
The hell rat is severely wounded.
You hit the hell rat but do no damage.
The hell rat is poisoned.
The hell rat bites you!!
You take 35 damage, and have 27/60 hp.
MASSIVE DAMAGE!!
You are too injured to fight recklessly!
You are too injured to fight recklessly!
You are too injured to fight recklessly!
You are too injured to fight recklessly!
You are too injured to fight recklessly!
You are too injured to fight recklessly!
You are too injured to fight recklessly!
You are too injured to fight recklessly!
You are too injured to fight recklessly!
You are too injured to fight recklessly!
You aren't carrying any scrolls.
You feel better. The hell rat closely misses you.
You regained 8 hp, and now have 35/60 hp.
You feel very mighty all of a sudden. The hell rat bites you!!
* * * LOW HITPOINT WARNING * * *
The rat bites you.
* * * LOW HITPOINT WARNING * * *
The hell rat bites you!
You die...

r~~~ ##...
.~## #..~##
~~# ##~~##.
..## #~.~#~~~
.~~#
#~.##!.~##~.#
#~~#!?~~~#r.#
#∩∩#∩!~~r@~~#
#~.#?!~~~#~.#
#~~##).~##.~#
#.†~#~~~#~.~#
##††##.##†~##
#~..###†..#
##~...~~~##
#~~.~~~~#
###.~~###


You could see a hell rat (strong, very poisoned) and a rat.

Vanquished Creatures
  Grinder (D:3)
  Sigmund (D:3)
  Menkaure (D:4)
  A black bear (D:4)
  An ogre (D:4)
  A phantom (D:4)
  Blork the orc (D:4)
  3 hounds
  A bombardier beetle (D:4)
  A sleepcap (D:3)
  Ijyb (D:5)
  An iguana (D:4)
  5 orc wizards
  2 gnolls
  13 adders
  5 river rats
  A dart slug (D:3)
  4 ribbon worms
  8 orcs
  11 ball pythons
  7 endoplasms
  2 giant cockroaches
  6 goblins
  4 hobgoblins
  12 jackals
  5 quokkas
  8 bats
  A frilled lizard (D:2)
  2 kobolds
  14 rats
124 creatures vanquished.

Vanquished Creatures (collateral kills)
  A gnoll (D:2)
  A jackal (D:4)
2 creatures vanquished.

Vanquished Creatures (others)
  2 orc priests (D:3)
2 creatures vanquished.

Grand Total: 128 creatures vanquished

Notes
Turn   | Place    | Note
-------+----------+-------------------------------------------
     0 | D:1      | ezpacito the Coglin Chaos Knight began the quest for the
                  | Orb.
     0 | D:1      | Reached XP level 1. HP: 18/18 MP: 1/1
     9 | D:1      | Noticed a bullfrog
    47 | D:1      | Reached skill level 1 in Dodging
   101 | D:1      | Reached XP level 2. HP: 19/24 MP: 2/2
   494 | D:1      | Reached XP level 3. HP: 29/29 MP: 3/3
   594 | D:1      | Found a faded altar of an unknown god.
   812 | D:2      | XOM: silly message
   941 | D:2      | XOM: summons 4 hostile shadow creatures
  1166 | D:2      | Reached XP level 4. HP: 30/35 MP: 4/4
  1192 | D:2      | XOM: scenery: 1 doors close
  1201 | D:1      | Reached skill level 1 in Stealth
  1299 | D:2      | XOM: enchant monster (good)
  1302 | D:2      | Reached skill level 1 in Polearms
  1553 | D:3      | XOM: give mutations
  1553 | D:3      | Gained mutation: Your muscles are strong. (Str +4, Int/Dex
                  | -1) [Xom's grace]
  1553 | D:3      | Gained mutation: Your mind is acute. (Int +4, Str/Dex -1)
                  | [Xom's grace]
  1553 | D:3      | Gained mutation: You have a pair of small horns on your
                  | head. [Xom's grace]
  1555 | D:3      | Reached XP level 5. HP: 41/41 MP: 6/6
  1626 | D:3      | Noticed Grinder
  1644 | D:3      | Killed Grinder
  1645 | D:3      | Reached skill level 4 in Fighting
  1645 | D:3      | Reached skill level 1 in Throwing
  1645 | D:3      | Reached skill level 1 in Spellcasting
  1645 | D:3      | Reached XP level 6. HP: 21/48 MP: 7/7
  1660 | D:3      | XOM: silly message
  1830 | D:3      | Noticed Sigmund
  1838 | D:3      | Killed Sigmund
  1839 | D:3      | Reached XP level 7. HP: 46/54 MP: 7/9
  2022 | D:4      | XOM: stealth player
  2205 | D:4      | XOM: scenery: summon butterflies
  2280 | D:4      | XOM: god gift: 27 gold pieces
  2443 | D:4      | Reached skill level 1 in Evocations
  2463 | D:4      | XOM: silly message
  2498 | D:4      | Found a radiant altar of Vehumet.
  2515 | D:4      | Noticed Menkaure
  2517 | D:4      | XOM: confusion (+ monsters)
  2534 | D:4      | Killed Menkaure
  2535 | D:4      | Reached XP level 8. HP: 61/61 MP: 10/10
  2594 | D:4      | Found a sparkling altar of Nemelex Xobeh.
  2624 | D:4      | Noticed Blork the orc
  2625 | D:4      | XOM: swap monsters
  2626 | D:4      | XOM: noise
  2632 | D:4      | Killed Blork the orc
  2658 | D:4      | Found a broken altar of Ashenzari.
  2849 | D:4      | Found a white marble altar of Elyvilon.
  3098 | D:5      | Entered Level 5 of the Dungeon
  3279 | D:5      | Noticed Ijyb
  3287 | D:5      | Killed Ijyb
  3315 | D:5      | Found an opulent altar of Gozag.
  3353 | D:5      | Found a sacrificial altar of Ru.
  3414 | D:5      | Reached skill level 5 in Fighting
  3433 | D:5      | Found a glowing drain.
  3447 | Sewer    | Entered a sewer
  3490 | Sewer    | Slain by a hell rat

Illustrated notes

Levels and vault maps discovered:
D:1:      evilmike_arrival_come_back, layout_basic,
          dreamdust_ecumenical_altar_hidden_monk_grotto
D:2:      layout_basic
D:3:      layout_rooms, uniq_grinder, uniq_sigmund
D:4:      layout_loops_cross, vehumet_crystals, elyvilon_altar_3,
          nicolae_ashenzari_panopticon, nemelex_spade_bored_becter, minivault_4,
          minmay_misc_feat_enclosed, minivault_11, minmay_door_square,
          uniq_blork_the_orc, uniq_menkaure
D:5:      layout_rooms, mainiacjoe_overflow_24_doors,
          mainiacjoe_overflow_alcove_2, mainiacjoe_overflow_chevrons,
          minmay_temple_entry_statues_pillars, portal_sewer_entry_e,
          serial_shops, nicolae_shop_tiny_waterfront, serial_bayou_lake_a,
          uniq_crazy_yiuf_cottage, uniq_ijyb
Sewer:    sewer_hellmonk_bad_rat

Skill      XL: |  1  2  3  4  5  6  7  8 |
---------------+-------------------------+-----
Dodging        | 1 2 3 |  3.6
Armour         | 2 3 |  3.9
Stealth        | 1 2 |  2.4
Polearms       | 1 2 3 |  3.4
Fighting       | 4 5 |  5.0
Throwing       | 1 2 |  2.1
Spellcasting   | 1 2 |  2.1
Axes           | 4 |  4.9
Evocations     | 1 2 |  2.1

Action                     |  1- 3 |  4- 6 |  7- 9 || total
---------------------------+-------+-------+-------++-------
  Melee: Hand axe          |    93 |    51 |   119 ||   263
         Dagger            |    77 |     9 |       ||    86
         Spear             |       |    49 |       ||    49
         Headbutt          |       |     4 |    22 ||    26
         Trident           |       |    11 |   138 ||   149
  Throw: Dart              |       |     2 |       ||     2
    Use: Scroll            |       |     4 |     4 ||     8
         Potion            |       |     1 |     5 ||     6
   Stab: Sleeping          |     2 |       |     3 ||     5
         Paralysed         |       |       |     1 ||     1
         Confused          |       |       |     1 ||     1
 Armour: Leather armour    |    80 |    50 |    72 ||   202
  Dodge: Dodged            |    47 |    56 |    58 ||   161

Table legend: (Time is in decaauts)
 A = Elapsed time spent in this place.
 B = Non-inter-level travel time spent in this place.
 C = Inter-level travel time spent in this place.
 D = Time resting spent in this place.
 E = Time spent auto-exploring this place.
 F = Levels seen in this place.
 G = Mean time per level.
                   A        B        C        D        E       F      G
               +--------+--------+--------+--------+--------+-----+--------+
         Total |   3525 |   3460 |     65 |    208 |   2433 |   6 |  587.5 |
       Dungeon |   3478 |   3413 |     65 |    208 |   2419 |   5 |  695.6 |
         Sewer |     46 |     46 |      0 |      0 |     13 |   1 |   46.0 |
               +--------+--------+--------+--------+--------+-----+--------+

Top non-repeatable levels by time:
     D:4: 1114 daAuts
     D:1: 891 daAuts
     D:2: 656 daAuts
     D:3: 541 daAuts
     D:5: 275 daAuts
   Sewer: 46 daAuts
